 Dungeon Crawl Stone Soup version 0.30-a0-304-gdc4b735fe1 (webtiles) character file.

Game seed: 15314820459883032003

17696 lunkers the Destroyer (level 13, -1/108 HPs)
             Began as a Meteoran Earth Elementalist on Oct 21, 2022.
             Was an Elder of Vehumet.
             Slain by a dream sheep (21 damage)
             ... led by a torpor snail
             ... on level 4 of the Lair of Beasts.
             The game lasted 00:20:49 (5197 turns).

lunkers the Destroyer (Meteoran Earth Elementalist) Turns: 5197, Time: 00:20:50

Health: -1/108     AC:  9    Str:  8    XL:     13   Next: 16%
Magic:  29/29      EV:  2    Int: 21    God:    Vehumet [****..]
Gold:   1548       SH:  0    Dex: 10    Spells: 19/34 levels left

rFire   + + .      SeeInvis .    d - staff of conjuration
rCold   + + +      Faith    .    J - +1 buckler "Muesyh" {rElec rC+++ Str-3 Dex-3}
rNeg    . . .      Spirit   .    t - +2 robe {rC+ rF+}
rPois   .          Reflect  .    (no helmet)
rElec   +          Harm     .    l - +0 cloak
rCorr   .          Rampage  .    (no gloves)
Will    +....                    (no boots)
Stlth   +.........               (no amulet)
HPRegen 0.38/turn                k - +4 ring of protection
MPRegen 0.21/turn                r - ring of protection from fire

@: sleeping, slowed, glowing
A: sense surroundings 2, otherworldly, glowing, explore regen, clumsy 1,
screaming 1, electricity resistance, noise suppression
a: Renounce Religion


You were on level 4 of the Lair of Beasts.
You worshipped Vehumet.
Vehumet was greatly pleased with you.
You visited 2 branches of the dungeon, and saw 13 of its levels.
You also visited: Ossuary.

You collected 2098 gold pieces.
You spent 550 gold pieces at shops.

Inventory:

Hand Weapons
 i - a -1 demon whip of protection
 p - a +2 short sword of venom
 x - a +7 dire flail of protection
Missiles
 I - a throwing net
Armour
 j - +0 steam dragon scales
 l - a +0 cloak (worn)
 t - a +2 robe of resistance (worn)
 C - +0 acid dragon scales
 J - the +1 buckler "Muesyh" (worn) {rElec rC+++ Str-3 Dex-3}
   (You bought it in a shop on level 4 of the Dungeon)

   Str:       It affects your strength (-3).
   Dex:       It affects your dexterity (-3).
   rC:        It renders you almost immune to cold.
   rElec:     It insulates you from electricity.
Magical Staves
 d - a staff of conjuration (weapon)
Jewellery
 k - a +4 ring of protection (left hand)
 r - a ring of protection from fire (right hand)
Wands
 a - a wand of roots (7)
 h - a wand of polymorph (11)
 s - a wand of flame (20)
 v - a wand of mindburst (19)
Scrolls
 e - a scroll of torment
 n - 8 scrolls of teleportation
 u - 2 scrolls of amnesia
 y - 2 scrolls of brand weapon
 A - a scroll of blinking
Potions
 b - 5 potions of magic
 c - 5 potions of brilliance
 f - 2 potions of invisibility
 g - 2 potions of mutation
 m - 2 potions of lignification
 o - 2 potions of flight
 q - 3 potions of attraction
 w - 3 potions of haste
 B - 4 potions of might
 D - 2 potions of resistance
 E - a potion of heal wounds
 F - a potion of berserk rage
 K - a potion of ambrosia {unknown}


   Skills:
 + Level 8.6 Fighting
 + Level 9.8 Dodging
 - Level 1.4 Stealth
 - Level 5.0 Shields
 + Level 11.4 Spellcasting
 * Level 13.5 Conjurations
 + Level 2.9 Transmutations
 - Level 9.1 Earth Magic


You had 19 spell levels left.
You knew the following spells:

 Your Spells              Type           Power      Damage    Failure   Level
a - Sandblast             Erth           100%       2d20      1%          1
b - Passwall              Tmut/Erth      30%        N/A       1%          2
c - Stone Arrow           Conj/Erth      100%       3d13      1%          3
d - Petrify               Tmut/Erth      37%        N/A       6%          4
e - Irradiate             Conj/Tmut      31%        3d22      1%          5

Your spell library contained the following spells:

 Spells                   Type           Power      Damage    Failure   Level
 Kindle Blastsparks       Fire/Tloc/Air  22%        2d11      6%          3
 Freeze                   Ice            44%        1d6       1%          1
 Hailstorm                Conj/Ice       57%        3d12      1%          3
 Mephitic Cloud           Conj/Pois/Air  46%        N/A       1%          3
 Sticky Flame             Conj/Fire      57%        2d7       1%          4
 Poisonous Vapours        Pois/Air       22%        N/A       3%          2
 Ignite Poison            Fire/Tmut/Pois 16%        N/A       4%          3
 Frozen Ramparts          Ice            22%        1d4       6%          3
 Cigotuvi's Dreadful Rot  Necr/Pois/Air  22%        N/A       11%         2
 Sublimation of Blood     Necr           11%        N/A       11%         2
 Anguish                  Hex/Necr       5%         N/A       56%         4
 Enfeeble                 Hex            5%         N/A       100%        7
 Ignition                 Fire           5%         3d4       100%        8


Dungeon Overview and Level Annotations

Branches:
Dungeon (9/15) Zot: 1230     Lair (4/5) D:8 Zot: 1512   Swamp (0/4) Lair:3
Ossuary (visited)
 Temple: D:4-7        Snake: Lair:2-3    Spider: Lair:2-3     Slime: Lair:4-5
    Orc: D:9-12

Altars:
Cheibriados
Elyvilon
Kikubaaqudgha
Makhleb
Nemelex Xobeh
Okawaru
Trog
Vehumet

Shops:
D:4 (([

Annotations:
D:6 Prince Ribbit


Innate Abilities, Weirdness & Mutations

You passively map the area around you.
You are easily found by Zot.
You glow in the dark.
You regain HP and MP as you explore.
You are clumsy. (Dex -2)
You occasionally shout uncontrollably at your foes.
You are resistant to electric shocks. (rElec)
You passively dampen the noise of your surroundings.


Message History

Unknown command.
Aiming: Sandblast (safe; 1% risk of failure)
Press: ? - help, Q - select action, (/) - cycle Shift-Dir - straight line, f/p - torpor snail
Aim: a torpor snail (heavily wounded, 100% to hit)
The blast of sand hits the torpor snail but does no damage.
The torpor snail is heavily wounded.
The torpor snail bites you!
* * * LOW HITPOINT WARNING * * *
Unknown command.
Aiming: Sandblast (safe; 1% risk of failure)
Press: ? - help, Q - select action, (/) - cycle Shift-Dir - straight line, f/p - torpor snail
Aim: a torpor snail (heavily wounded, 100% to hit)
The blast of sand hits the torpor snail but does no damage.
The torpor snail is heavily wounded.
The torpor snail barely misses you.
The dream sheep shake their wool and sparkle.
You feel drowsy...
You fall asleep.
The torpor snail bites you but does no damage.
The torpor snail bites you!!
You wake up.
* * * LOW HITPOINT WARNING * * *
Aiming: Sandblast (safe; 1% risk of failure)
Press: ? - help, Q - select action, (/) - cycle Shift-Dir - straight line, f/p - torpor snail
Aim: a torpor snail (heavily wounded, 100% to hit)
Okay, then.
Blink to where?
Press: ? - help, Dir - move target, p - torpor snail
As you read the scroll of blinking, it crumbles to dust.
You feel yourself speed up.
Being near the torpor snail leaves you feeling lethargic.
You feel yourself speed up.
Being near the torpor snail leaves you feeling lethargic.
You feel yourself speed up.
Being near the torpor snail leaves you feeling lethargic.
You feel yourself speed up.
Being near the torpor snail leaves you feeling lethargic.
The dream sheep ruffle their wool and motes of dream dust sparkle, to no effect.
The dream sheep shake their wool and sparkle.
You feel drowsy...
You fall asleep.
The dream sheep bites you!!
You die...

#.### #P# ....##*#..#
!....##.#..##
.?...).##....#### **
.......##......P####
*,, .......#*
#....#.#### ,, .......#
###.....##.### , ,
.h<†..P#
#P...........####
.h....##
#.<..@YY......#.# ,
h.....#
##......wY....#.# *....
.......#
#...............#.#....
#..#.###
#................###...
#..###
#............###.......
...P*
###...........#*#......
##..#
##..........##*#.....
#.# ##.......#..#
#..... ,, ,
#...........###.....


You could see a torpor snail and 3 dream sheep.

Vanquished Creatures
  2 two-headed ogres
  Amaemon (D:8)
  A bog body (Lair:3)
  Pikel (D:5)
  An oklob plant (Lair:2)
  A black mamba (Lair:1)
  An eye of devastation (D:8)
  5 cane toads
  An orange demon (D:8)
  Maggie (D:9)
  4 komodo dragons
  4 rime drakes
  A hornet (D:6)
  A polar bear (Lair:4)
  9 blink frogs
  A dream sheep (Lair:4)
  26 yaks
  Eustachio (D:5)
  A steam dragon (Lair:2)
  Menkaure (D:6)
  Edmund (D:5)
  5 water moccasins
  A sky beast (D:6)
  A black bear (Lair:2)
  6 wolves
  2 ogres
  A kobold brigand (D:7)
  Blork the orc (D:5)
  3 bullfrogs
  2 gnoll sergeants
  A necrophage (D:4)
  4 scorpions
  4 wights
  A killer bee (D:8)
  4 howler monkeys (D:8)
  2 hounds
  2 jellies
  3 orc priests
  3 iguanas
  5 orc wizards
  5 hell rats (Lair:1)
  14 mummies
  10 gnolls
  10 adders
  An ufetubus (D:6)
  A dart slug (D:4)
  12 orcs
  5 endoplasms
  2 goblins
  12 hobgoblins
  4 jackals (D:2)
  9 kobolds
  2 quokkas
  3 ball pythons
  A bat (D:1)
  2 frilled lizards (D:3)
  4 gnoll skeletons (Ossuary)
  3 goblin skeletons (Ossuary)
  A kobold skeleton (Ossuary)
  5 rats
  11 rat skeletons (Ossuary)
233 creatures vanquished.

Vanquished Creatures (others)
  A steam dragon (Lair:2)
  14 fungi
  6 plants
  A withered plant (D:8)
22 creatures vanquished.

Grand Total: 255 creatures vanquished

Notes
Turn   | Place    | Note
-------+----------+-------------------------------------------
     0 | D:1      | lunkers the Meteoran Earth Elementalist began the quest for
                  | the Orb.
     0 | D:1      | Reached XP level 1. HP: 14/14 MP: 5/5
   146 | D:1      | Reached XP level 2. HP: 20/20 MP: 4/6
   149 | D:1      | Learned a level 2 spell: Passwall
   393 | D:2      | Reached XP level 3. HP: 26/26 MP: 6/8
   397 | D:2      | Learned a level 3 spell: Stone Arrow
   489 | D:2      | Reached skill level 1 in Conjurations
   489 | D:2      | Reached XP level 4. HP: 33/33 MP: 6/10
   504 | D:2      | Reached skill level 5 in Earth Magic
   618 | D:3      | Reached XP level 5. HP: 38/38 MP: 8/11
   631 | D:3      | Reached skill level 2 in Conjurations
   756 | D:3      | Reached XP level 6. HP: 45/45 MP: 11/13
   762 | D:3      | Found a bloodstained altar of Trog.
   837 | D:3      | Reached skill level 3 in Conjurations
   971 | D:4      | Noticed an ogre
   976 | D:4      | Killed an ogre
  1087 | D:4      | Reached skill level 4 in Conjurations
  1087 | D:4      | Reached XP level 7. HP: 50/50 MP: 11/14
  1214 | D:4      | Found Caonoaci's Armour Emporium.
  1217 | D:4      | Found a burning altar of Makhleb.
  1366 | D:4      | Found Mifrasan's Antique Weapon Shop.
  1527 | D:4      | Found Ligix's Antique Weapon Emporium.
  1549 | D:5      | Entered Level 5 of the Dungeon
  1583 | D:5      | Reached skill level 5 in Conjurations
  1586 | D:5      | Reached skill level 5 in Spellcasting
  1675 | D:5      | Reached XP level 8. HP: 57/57 MP: 14/16
  1683 | D:5      | Noticed a komodo dragon
  1711 | D:5      | Noticed Eustachio
  1720 | D:5      | Killed Eustachio
  1735 | D:5      | Noticed Edmund
  1740 | D:5      | Killed Edmund
  1741 | D:5      | Reached skill level 6 in Conjurations
  1782 | D:5      | Noticed Pikel
  1782 | D:5      | Noticed Blork the orc
  1786 | D:5      | Killed Pikel
  1787 | D:5      | Reached skill level 7 in Conjurations
  1787 | D:5      | Gained mutation: You passively map the area around you.
                  | [Meteoran growth]
  1787 | D:5      | Reached XP level 9. HP: 52/62 MP: 5/19
  1791 | D:5      | Killed Blork the orc
  1891 | D:6      | Noticed Menkaure
  1895 | D:6      | Killed Menkaure
  1911 | D:6      | Noticed a two-headed ogre
  1911 | D:6      | Noticed a hornet
  1915 | D:6      | Noticed Prince Ribbit
  1960 | D:6      | Reached skill level 1 in Fighting
  2000 | D:6      | Killed a two-headed ogre
  2027 | D:6      | Killed a hornet
  2028 | D:6      | Reached XP level 10. HP: 28/78 MP: 12/22
  2035 | D:6      | Reached skill level 5 in Dodging
  2052 | D:6      | Learned a level 4 spell: Petrify
  2217 | D:7      | Found a sparkling altar of Nemelex Xobeh.
  2352 | D:7      | Found a radiant altar of Vehumet.
  2363 | D:7      | Became a worshipper of Vehumet
  2370 | D:7      | Learned a level 5 spell: Irradiate
  2779 | D:8      | Found a staircase to the Lair.
  2783 | D:8      | Found an ancient bone altar of Kikubaaqudgha.
  2783 | D:8      | Noticed a two-headed ogre
  2796 | D:8      | Killed a two-headed ogre
  2797 | D:8      | Reached skill level 5 in Fighting
  2797 | D:8      | Reached skill level 8 in Conjurations
  2802 | D:8      | Noticed Amaemon
  2803 | D:8      | Noticed an orange demon
  2814 | D:8      | Killed an orange demon
  2815 | D:8      | Killed Amaemon
  2816 | D:8      | Reached skill level 9 in Conjurations
  2816 | D:8      | Gained mutation: You are resistant to electric shocks.
                  | (rElec) [potion of mutation]
  2816 | D:8      | Gained mutation: You are clumsy. (Dex -2) [potion of
                  | mutation]
  2816 | D:8      | Gained mutation: You passively dampen the noise of your
                  | surroundings. [potion of mutation]
  2817 | D:8      | HP: 6/121 [poisoned by Amaemon]
  2898 | D:8      | Found a sand-covered staircase.
  2907 | Ossuary  | Entered an ossuary
  3056 | Ossuary  | Reached * piety under Vehumet
  3056 | Ossuary  | Offered knowledge of Kiss of Death by Vehumet.
  3174 | Ossuary  | Identified a scroll of acquirement
  3174 | Ossuary  | Acquired 630 gold pieces
  3213 | D:8      | Reached XP level 11. HP: 89/89 MP: 22/25
  3307 | D:8      | Found a white marble altar of Elyvilon.
  3394 | D:9      | Noticed a two-headed ogre
  3545 | D:8      | Found a snail-covered altar of Cheibriados.
  3790 | D:9      | Found an iron altar of Okawaru.
  3796 | D:9      | Noticed Maggie
  3802 | D:9      | Killed Maggie
  3896 | D:9      | Reached skill level 10 in Conjurations
  3902 | D:9      | Offered knowledge of Static Discharge by Vehumet.
  3944 | D:9      | Reached ** piety under Vehumet
  4070 | D:4      | Bought the +1 buckler "Muesyh" {rElec rC+++ Str-3 Dex-3}
                  | for 550 gold pieces
  4201 | Lair:1   | Entered Level 1 of the Lair of Beasts
  4257 | Lair:1   | Noticed a black mamba
  4263 | Lair:1   | Killed a black mamba
  4264 | Lair:1   | Reached skill level 1 in Shields
  4288 | Lair:1   | Reached skill level 10 in Spellcasting
  4288 | Lair:1   | Reached skill level 11 in Conjurations
  4318 | Lair:1   | Acquired 824 gold pieces
  4324 | Lair:1   | Gained mutation: You occasionally shout uncontrollably at
                  | your foes. [mutagenic glow]
  4437 | D:8      | a two-headed ogre changed into an eye of devastation
  4437 | D:8      | Noticed an eye of devastation
  4442 | D:8      | Killed an eye of devastation
  4443 | D:8      | Reached XP level 12. HP: 45/100 MP: 0/27
  4548 | Lair:1   | Offered knowledge of Inner Flame by Vehumet.
  4634 | Lair:1   | Reached skill level 12 in Conjurations
  4690 | Lair:1   | Reached *** piety under Vehumet
  4735 | Lair:2   | HP: 1/101 [rime drake/flash freeze (16)]
  4789 | Lair:2   | Offered knowledge of Kindle Blastsparks by Vehumet.
  4795 | Lair:2   | Reached skill level 5 in Shields
  4823 | Lair:2   | Reached skill level 13 in Conjurations
  4995 | Lair:3   | Reached XP level 13. HP: 96/108 MP: 25/29
  5070 | Lair:3   | Found a staircase to the Swamp.
  5159 | Lair:4   | Reached **** piety under Vehumet
  5167 | Lair:4   | HP: 2/108 [torpor snail (20)]
  5197 | Lair:4   | Slain by a dream sheep

Illustrated notes

Levels and vault maps discovered:
D:1:      onia_arrival_pentagram, layout_basic
D:2:      layout_rooms
D:3:      layout_basic, trog_book, grunt_ministairs_1,
          chequers_serial_rivers_small_a
D:4:      layout_loops_corners, bloody_makhleb, serial_shops, shop,
          nicolae_square_shop, kennysheep_mini_moat
D:5:      layout_gridville, general_overflow_altar,
          minmay_temple_entry_antechambers, lightli_corner_chamber,
          uniq_sigmund, uniq_edmund, uniq_eustachio, uniq_pikel,
          uniq_blork_the_orc
D:6:      hangedman_cross_stitches, layout_rooms, uniq_prince_ribbit1,
          uniq_menkaure
D:7:      layout_basic, nicolae_overflow_crystal_walls,
          mainiacjoe_overflow_alcove_4, serial_aquarium, aquarium_bridge_square
          [aquarium_subvault_bridge, aquarium_subvault_wall,
          aquarium_subvault_wall, aquarium_subvault_window],
          aquarium_bridge_square [aquarium_subvault_window,
          aquarium_subvault_bridge, aquarium_subvault_balcony,
          aquarium_subvault_wall], aquarium_window_1, aquarium_window_fake,
          aquarium_window_2, aquarium_window_corner, aquarium_view_2e,
          minmay_parallelograms
D:8:      layout_rooms, kiku_gazebo_garden_becter, slow_altar_2,
          elyvilon_altar_3, lair_entry_dummy, enter_ossuary_3, uniq_amaemon
D:9:      layout_roguey, okawaru_ov_weapons_minmay, st_stairs_4, uniq_maggie
Lair:1:   layout_chaotic_city, minmay_holes, grunt_megastairs_1,
          serial_bayou_shore_b
Lair:2:   cheibrodos_lair_river_kwai, layout_gridlike,
          guppyfry_snake_entry_garden, bobbens_dragon_lair_wall
Lair:3:   layout_cave_pods, skrybe_swamp_entry_bodies
Lair:4:   layout_cave_pods, dpeg_slime_entry_enclosed,
          nicolae_lair_lakeside_cave, infiniplex_staircase_pool_2,
          lemuel_fruit_tree

Skill      XL: |  1  2  3  4  5  6  7  8  9 10 11 12 |
---------------+-------------------------------------+-----
Earth Magic    | 4 5 6 7 8 9 |  9.1
Spellcasting   | 3 4 5 6 7 9 10 11 | 11.4
Conjurations   | 1 2 4 5 7 9 11 13 | 13.5
Fighting       | 3 5 7 8 |  8.6
Dodging        | 4 6 8 9 |  9.8
Shields        | 3 5 |  5.0
Transmutations | 2 |  2.9
Stealth        | |  1.4

Action                   |  1- 3 |  4- 6 |  7- 9 | 10-12 | 13-15 || total
-------------------------+-------+-------+-------+-------+-------++-------
Melee: Staff             |       |       |     4 |     4 |       ||     8
 Cast: Sandblast         |    21 |    52 |    56 |   147 |     8 ||   284
       Stone Arrow       |       |       |    26 |    85 |    14 ||   125
       Irradiate         |       |       |       |    14 |     1 ||    15
       Petrify           |       |       |       |     2 |       ||     2
Evoke: Wand              |       |       |     4 |     8 |       ||    12
  Use: Scroll            |       |       |     9 |    17 |     1 ||    27
       Potion            |       |       |       |     4 |       ||     4
Armor: Robe              |       |     2 |    16 |    63 |     4 ||    85
Dodge: Dodged            |     2 |     2 |    31 |   129 |    16 ||   180
Block: Buckler           |       |       |       |    35 |     4 ||    39

Table legend: (Time is in decaauts)
 A = Elapsed time spent in this place.
 B = Non-inter-level travel time spent in this place.
 C = Inter-level travel time spent in this place.
 D = Time resting spent in this place.
 E = Time spent auto-exploring this place.
 F = Levels seen in this place.
 G = Mean time per level.
                   A        B        C        D        E       F      G
               +--------+--------+--------+--------+--------+-----+--------+
         Total |   5368 |   4804 |    564 |     38 |   2711 |  14 |  383.4 |
       Dungeon |   4169 |   3642 |    527 |     38 |   2420 |   9 |  463.2 |
          Lair |    886 |    850 |     36 |      0 |    101 |   4 |  221.5 |
       Ossuary |    312 |    312 |      0 |      0 |    190 |   1 |  312.0 |
               +--------+--------+--------+--------+--------+-----+--------+

Top non-repeatable levels by time:
     D:8: 883 daAuts
     D:7: 713 daAuts
     D:4: 707 daAuts
  Lair:1: 426 daAuts
     D:1: 389 daAuts
     D:3: 372 daAuts
     D:5: 355 daAuts
 Ossuary: 312 daAuts
     D:9: 273 daAuts
     D:6: 248 daAuts
     D:2: 226 daAuts
  Lair:3: 195 daAuts
  Lair:4: 144 daAuts
  Lair:2: 121 daAuts
